 Dungeon Crawl Stone Soup version 0.29.1-1-gd02db6906a (webtiles) character file.

Game seed: 2312518276816157567

9079 xian the Geomancer (level 11, -6/63 HPs)
             Began as an Octopode Earth Elementalist on Oct 23, 2022.
             Killed from afar by an electric eel (11 damage)
             ... with a bolt of electricity
             ... on level 9 of the Dungeon.
             The game lasted 00:25:37 (12376 turns).

xian the Geomancer (Octopode Earth Elementalist)   Turns: 12376, Time: 00:25:38

Health: -6/63      AC:  3    Str:  7    XL:     11   Next: 40%
Magic:  23/25      EV: 14    Int: 23    God:
Gold:   528        SH: 20    Dex: 12    Spells: 19/31 levels left

rFire   . . .      SeeInvis +   g - +1 dagger (distort)
rCold   + . .      Faith    .   x - +3 tower shield
rNeg    . . .      Spirit   .   C - +2 hat
rPois   .          Reflect  +   r - amulet of reflection
rElec   .          Harm     .   b - +4 ring of evasion
rCorr   .          Rampage  .   p - ring of see invisible
Will    .....                   B - ring of flight
Stlth   ++++......              E - ring of protection from cold
HPRegen 0.20/turn               (no ring)
MPRegen 0.19/turn               (no ring)
                                (no ring)
                                (no ring)

@: flying, very slightly contaminated
A: almost no armour, amphibious, 8 rings, camouflage 1, gelatinous body 1,
(nimble swimmer 1), tentacles
a: no special abilities


You were on level 9 of the Dungeon.
You visited 1 branch of the dungeon, and saw 9 of its levels.
You also visited: Ossuary.

You collected 576 gold pieces.
You spent 48 gold pieces at shops.

Inventory:

Hand Weapons
 g - a +1 dagger of distortion (weapon)
Armour
 k - the +1 Delatra's gloves {ID++}
   (You found it on level 2 of the Dungeon)

   It heals its wearer when they drink unknown potions.
   It restores its wearer's MP when they read unknown scrolls.
 x - a +3 tower shield (worn)
 C - a +2 hat (worn)
Jewellery
 b - a +4 ring of evasion (left tentacle)
 p - a ring of see invisible (right tentacle)
 r - an amulet of reflection (around mantle)
 B - a ring of flight (on tentacle)
 E - a ring of protection from cold (on tentacle)
Wands
 o - a wand of digging (9)
 A - a wand of mindburst (9)
 G - a wand of flame (6)
 J - a wand of roots (1)
Scrolls
 c - 5 scrolls of poison
 e - 2 scrolls of enchant armour
 i - 4 scrolls of blinking
 m - 3 scrolls of vulnerability
 n - 4 scrolls of teleportation
 s - 3 scrolls of immolation
 t - a scroll of fear
 y - a scroll of silence
 z - 2 scrolls of enchant weapon
 D - a scroll of amnesia
 F - a scroll of butterflies
 I - a scroll of magic mapping {unknown}
 K - a scroll of identify
Potions
 a - a potion of magic
 d - 3 potions of ambrosia
 f - 5 potions of brilliance {unknown}
 h - 2 potions of cancellation {unknown}
 j - 4 potions of might
 l - 6 potions of curing
 q - a potion of heal wounds {unknown}
 u - 2 potions of lignification {unknown}
 v - 2 potions of haste {unknown}
 w - a potion of mutation
 H - 3 potions of flight {unknown}


   Skills:
 + Level 1.5 Fighting
 + Level 0.3 Short Blades
 + Level 4.7 Dodging
 + Level 5.4 Stealth
 + Level 3.5 Shields
 + Level 10.7 Spellcasting
 + Level 1.5 Conjurations
 + Level 1.0 Transmutations
 + Level 11.6 Earth Magic


You had 19 spell levels left.
You knew the following spells:

 Your Spells              Type           Power      Damage    Failure   Level
a - Sandblast             Erth           100%       2d20      1%          1
b - Passwall              Tmut/Erth      34%        N/A       8%          2
c - Stone Arrow           Conj/Erth      84%        3d12      13%         3
d - Iron Shot             Conj/Erth      21%        9d5       100%        6

Your spell library contained the following spells:

 Spells                   Type           Power      Damage    Failure   Level
 Petrify                  Tmut/Erth      41%        N/A       43%         4
 Sting                    Tmut/Pois      56%        1d5       47%         1
 Apportation              Tloc           24%        N/A       54%         1
 Summon Small Mammal      Summ           48%        N/A       54%         1
 Poisonous Vapours        Pois/Air       24%        N/A       69%         2
 Call Canine Familiar     Summ           12%        N/A       89%         3
 Gell's Gravitas          Tloc           12%        N/A       89%         3
 Lesser Beckoning         Tloc           12%        N/A       89%         3
 Summon Guardian Golem    Hex/Summ       12%        N/A       89%         3
 Teleport Other           Tloc           12%        N/A       89%         3
 Olgreb's Toxic Radiance  Pois           12%        N/A       100%        4
 Alistair's Intoxication  Tmut/Pois      9%         N/A       100%        5
 Iskenderun's Battlesphe  Conj           19%        2d7       100%        5
 Dispersal                Tloc           6%         N/A       100%        6
 Orb of Destruction       Conj           9%         9d6       100%        7
 Spellforged Servitor     Conj/Summ      7%         N/A       100%        7


Dungeon Overview and Level Annotations

Branches:
Dungeon (9/15)             Temple (0/1) D:7            Lair (0/5) D:8
    Orc (0/2) D:9         Ossuary (visited)

Altars:
Ashenzari
Elyvilon
Gozag
Hepliaklqana
Makhleb
Okawaru
Qazlal
Wu Jian
Xom
Yredelemnul
Zin

Shops:
D:5 *

Annotations:
D:5 3 runed translucent doors, Godmorgon's ghost, amateur TeAE
D:7 1 runed translucent door, avis's ghost, novice DgIE
Abyss:1 Maurice


Innate Abilities, Weirdness & Mutations

You cannot wear most types of armour.
You are amphibious.
You can wear up to eight rings at the same time.
Your skin changes colour to match your surroundings (Stealth+).
Your rubbery body absorbs attacks. (AC +1, EV +1)
((You are camouflaged when in or above water. (Stealth+)))
You have tentacles for arms and can constrict up to eight enemies at once.


Message History

There is an open door here.
There is an open door here.
There is an open door here.
There is an open door here.
There is an open door here.
Found 4 poisoned darts.
There is an open door here.
Found a club.
You reach down and open the door.
An electric eel is nearby!
The electric eel shoots out a bolt of lightning at you!
The bolt of electricity hits you!
There is an open door here.
You can't see any susceptible monsters within range! (Use Z to cast anyway.)
The electric eel shoots out a bolt of lightning at you!
The bolt of electricity hits you!
The electric eel shoots out a bolt of lightning at you!
The bolt of electricity hits the plant!
The plant begins to die.
The bolt of electricity hits you! x2
The electric eel shoots out a bolt of lightning at you!
The bolt of electricity hits the electric eel.
The electric eel completely resists.
The bolt of electricity hits the plant!
The bolt of electricity hits you!
* * * LOW HITPOINT WARNING * * *
Blink to where?
Press: ? - help, Dir - move target
There is a wall there.
Okay, then.
Casting: Sandblast (safe; 1% risk of failure)
Confirm with . or Enter, or press ? or * to list all spells.
Aiming: Passwall (safe; 8% risk of failure)
Press: ? - help, Dir - move target You can't see that place. [the floor.]
You miscast Passwall.
You are very lightly contaminated with residual magic.
Nothing appears to happen.
The electric eel shoots out a bolt of lightning at you!
The bolt of electricity hits you!
You die...

#######.#.....#...#..<)..#.......
#.#.....#.(.#..))..#.......
#.##+####...#####+##.......
#......[...................
#..).#######............... #
#...##~~...###.............
#######.)##.####..~#####.........
.......).#.##..'##~~~..##........
########.#.#....@#####..#........
.......#.#.#.....# ##..##'###
.......#.#.#.P.~P# #...#....#
.......#)#~#~PP~.#.....#...#....'
.......#.#~#?).~/#.P.P~#...#....#
.......#.#~#≈≈.S≈#..P.~#...#....#
...#####.#~##S≈S##!$S.)#...#....#
##'#.....##~######≈S(≈≈#...######
..........##...~~##≈S≈##.........


You could see 3 electric eels.

Vanquished Creatures
  Erolcha (D:9)
  Erica (D:9)
  A two-headed ogre (D:8)
  Joseph (D:9)
  A komodo dragon (D:8)
  3 wyverns (D:8)
  A yak (D:8)
  Menkaure (D:4)
  A steam dragon (D:9)
  Edmund (D:4)
  3 water moccasins
  5 orc warriors
  3 ice beasts
  A sky beast (D:7)
  4 black bears
  2 ogres
  5 centaurs
  A phantom (D:5)
  10 bullfrogs
  2 kobold brigands (D:9)
  4 elf zombies (Ossuary)
  A gnoll sergeant (D:8)
  A necrophage (D:5)
  2 scorpions (D:6)
  A water moccasin zombie (D:5)
  11 wights
  6 howler monkeys
  4 centaur zombies
  2 bullfrog zombies (D:5)
  A hound (D:6)
  3 human zombies (Ossuary)
  6 orc priests
  6 iguanas
  7 orc wizards
  A hound zombie (Ossuary)
  A howler monkey zombie (D:5)
  3 mummies (Ossuary)
  3 gnolls (D:8)
  5 adders
  3 shadow imps (D:7)
  3 white imps
  2 ufetubi
  An adder zombie (Ossuary)
  3 worms
  5 dart slugs
  58 orcs
  11 endoplasms
  6 giant cockroaches
  10 goblins
  9 hobgoblins
  A quokka (D:4)
  4 ball pythons
  8 bats
  6 frilled lizards
  4 goblin zombies (Ossuary)
  3 hobgoblin zombies (Ossuary)
  A jackal zombie (Ossuary)
  20 kobolds
  5 kobold zombies (Ossuary)
  2 orc zombies (Ossuary)
  4 quokka zombies (Ossuary)
  4 rats
  3 rat zombies (Ossuary)
292 creatures vanquished.

Vanquished Creatures (others)
  28 fungi (D:8)
  28 plants (D:8)
56 creatures vanquished.

Grand Total: 348 creatures vanquished

Notes
Turn   | Place    | Note
-------+----------+-------------------------------------------
     0 | D:1      | xian the Octopode Earth Elementalist began the quest for
                  | the Orb.
     0 | D:1      | Reached XP level 1. HP: 11/11 MP: 3/3
   183 | D:1      | Reached XP level 2. HP: 16/17 MP: 0/5
   187 | D:1      | Learned a level 2 spell: Passwall
   805 | D:1      | Reached XP level 3. HP: 16/21 MP: 2/6
   809 | D:1      | Learned a level 3 spell: Stone Arrow
  1025 | D:1      | Found a faded altar of an unknown god.
  1522 | D:2      | Found the +1 Delatra's gloves {ID++}
  1744 | D:2      | Reached XP level 4. HP: 22/27 MP: 1/8
  1894 | D:2      | Found an ornate altar of the Wu Jian Council.
  2110 | D:2      | Reached skill level 4 in Earth Magic
  2626 | D:3      | Reached XP level 5. HP: 31/31 MP: 7/10
  3617 | D:4      | Noticed Menkaure
  3623 | D:4      | Killed Menkaure
  3624 | D:4      | Reached XP level 6. HP: 20/36 MP: 6/12
  3766 | D:4      | Noticed Edmund
  3787 | D:4      | Killed Edmund
  3788 | D:4      | Reached skill level 5 in Earth Magic
  4093 | D:4      | Reached skill level 5 in Spellcasting
  4093 | D:4      | Reached XP level 7. HP: 42/42 MP: 8/14
  4582 | D:5      | Entered Level 5 of the Dungeon
  5006 | D:5      | Found Itixzao's CLEARANCE SALE!.
  5088 | D:5      | Bought a potion of ambrosia for 48 gold pieces
  5148 | D:5      | Reached skill level 6 in Earth Magic
  5151 | D:5      | Reached XP level 8. HP: 47/47 MP: 11/16
  5501 | D:5      | Found a basalt altar of Yredelemnul.
  5549 | D:5      | Noticed Godmorgon's ghost (amateur TeAE)
  5563 | D:5      | Found a runed translucent gate.
  5563 | D:5      | Found a runed translucent gate.
  5563 | D:5      | Found a runed translucent gate.
  5586 | D:5      | Reached skill level 7 in Earth Magic
  6733 | D:6      | Reached skill level 8 in Earth Magic
  6836 | D:6      | Reached XP level 9. HP: 52/52 MP: 16/19
  7293 | D:7      | Found a staircase to the Ecumenical Temple.
  7436 | D:7      | Learned a level 6 spell: Iron Shot
  7688 | D:7      | Found a runed translucent door.
  7694 | D:7      | Reached skill level 1 in Conjurations
  7776 | D:7      | Reached skill level 1 in Fighting
  7776 | D:7      | Reached skill level 9 in Earth Magic
  7817 | D:7      | Found a sand-covered staircase.
  7821 | Ossuary  | Entered an ossuary
  8067 | Ossuary  | Reached skill level 1 in Shields
  8523 | D:7      | Found a shimmering altar of Xom.
  8523 | D:7      | Noticed avis's ghost (novice DgIE)
  8524 | D:7      | Noticed a +1 short sword of chaos
  8678 | D:7      | Reached XP level 10. HP: 58/58 MP: 19/22
  9099 | D:8      | Found a staircase to the Lair.
  9157 | D:8      | Reached skill level 10 in Earth Magic
 10001 | D:8      | Noticed a two-headed ogre
 10014 | D:8      | Killed a two-headed ogre
 10561 | D:9      | Noticed Erica
 10561 | D:9      | Found a staircase to the Orcish Mines.
 10812 | D:9      | Found a white marble altar of Elyvilon.
 10812 | D:9      | Found a stormy altar of Qazlal.
 10812 | D:9      | Found an iron altar of Okawaru.
 10818 | D:9      | Found an opulent altar of Gozag.
 10827 | D:9      | Found a hazy altar of Hepliaklqana.
 10831 | D:9      | Found a burning altar of Makhleb.
 10834 | D:9      | Found a glowing silver altar of Zin.
 10835 | D:9      | Found a broken altar of Ashenzari.
 10868 | D:9      | Reached skill level 11 in Earth Magic
 10872 | D:9      | Reached skill level 5 in Stealth
 11268 | D:9      | Reached skill level 10 in Spellcasting
 11292 | D:9      | Noticed Maurice
 11295 | D:9      | Banished Maurice
 11296 | D:9      | Reached XP level 11. HP: 63/63 MP: 25/25
 11379 | D:9      | Killed Erica
 11884 | D:9      | Noticed Erolcha
 11889 | D:9      | Killed Erolcha
 12147 | D:9      | Noticed Joseph
 12170 | D:9      | Killed Joseph
 12376 | D:9      | Killed from afar by an electric eel

Illustrated notes

Levels and vault maps discovered:
D:1:      psy_arrival_basics, layout_basic, serial_aquarium,
          aquarium_bridge_island_small [aquarium_subvault_small_open,
          aquarium_subvault_bridge, aquarium_subvault_wall,
          aquarium_subvault_bridge, aquarium_subvault_window],
          aquarium_bridge_square [aquarium_subvault_bridge,
          aquarium_subvault_bridge, aquarium_subvault_wall,
          aquarium_subvault_window], aquarium_window_corner, aquarium_window_2,
          aquarium_view_2a, aquarium_view_2a, aquarium_balcony_double_1,
          dilly_ecumenical_altar_fadedgnrine
D:2:      minmay_recursive_quarters, layout_rooms, basic_altar
D:3:      layout_basic
D:4:      layout_cave_pools, uniq_menkaure, uniq_edmund
D:5:      layout_basic, nicolae_yredelemnul_corpse_copse, gammafunk_ghost_split,
          nicolae_shop_clearance
D:6:      layout_basic
D:7:      minmay_spotlight, layout_basic, temple_doors_e, ebering_ghost_xom,
          enter_ossuary_5
D:8:      layout_loops_corners, due_lair_maze_entry_diamond, grunt_ministairs_9
D:9:      cheibrodos_two_vegetables, layout_irregular_city,
          nicolae_overflow_hallway_of_the_gods, minmay_orc_entry_temple_small,
          uniq_erolcha, uniq_joseph, uniq_erica, uniq_maurice

Skill      XL: |  1  2  3  4  5  6  7  8  9 10 |
---------------+-------------------------------+-----
Stealth        | 3 4 5 |  5.4
Spellcasting   | 3 4 5 7 8 10 | 10.7
Earth Magic    | 4 5 6 8 9 11 | 11.6
Dodging        | 4 |  4.7
Conjurations   | 1 |  1.5
Fighting       | 1 |  1.5
Shields        | 1 3 |  3.5
Short Blades   | |  0.3
Transmutations | |  1.0

Action                   |  1- 3 |  4- 6 |  7- 9 | 10-12 || total
-------------------------+-------+-------+-------+-------++-------
Melee: Club              |     3 |       |       |       ||     3
       Constrict         |     4 |     1 |     2 |       ||     7
       Dagger            |     4 |     3 |    10 |     2 ||    19
       Tentacles         |     2 |       |     1 |     1 ||     4
 Cast: Sandblast         |    60 |    82 |   183 |   171 ||   496
       Stone Arrow       |       |       |    17 |       ||    17
  Use: Scroll            |       |     8 |     6 |     6 ||    20
       Potion            |       |       |       |     2 ||     2
 Stab: Sleeping          |       |       |       |     2 ||     2
Armor: Skin              |     2 |     2 |    10 |     4 ||    18
Dodge: Dodged            |     9 |    19 |    72 |    33 ||   133
Block: Tower shield      |       |       |    33 |   101 ||   134
       Reflection        |       |       |     2 |     2 ||     4
       Other             |       |       |     1 |       ||     1
